 Dungeon Crawl Stone Soup version 0.28-a0-925-gd5e1996cdb (webtiles) character file.

Game seed: 17953158250683537841

14 swappor the Chopper (level 2, -2/26 HPs)
             Began as a Minotaur Berserker on Nov 27, 2021.
             Was a Follower of Trog.
             Slain by a gnoll (6 damage)
             ... on level 2 of the Dungeon.
             The game lasted 00:04:10 (1273 turns).

swappor the Chopper (Minotaur Berserker)            Turns: 1273, Time: 00:04:11

Health: -2/26      AC:  2    Str: 21    XL:     2   Next: 31%
Magic:  1/1        EV: 12    Int:  4    God:    Trog [*.....]
Gold:   90         SH:  0    Dex:  9    Spells: 1/1 levels left

rFire   + . .      SeeInvis .   a - +0 hand axe
rCold   + . .      Faith    .   (no shield)
rNeg    . . .      Spirit   .   b - +0 animal skin
rPois   .          Reflect  .   (helmet restricted)
rElec   .          Harm     .   e - scarf {rC+ rF+}
rCorr   .          Rampage  .   (no gloves)
Will    .....                   (no boots)
Stlth   +.........              (no amulet)
HPRegen 0.08/turn               (no ring)
MPRegen 0.07/turn               (no ring)

@: no status effects
A: horns 2, retaliatory headbutt
a: Renounce Religion, Berserk


You were on level 2 of the Dungeon.
You worshipped Trog.
Trog was aware of your devotion.
You visited 1 branch of the dungeon, and saw 2 of its levels.

You collected 90 gold pieces.


Innate Abilities, Weirdness & Mutations

You have a pair of horns on your head.
You reflexively headbutt those who attack you in melee.


   Skills:
 - Level 3.6 Fighting
 + Level 4.6 Axes
 - Level 2.4 Armour
 - Level 2.1 Dodging


You had one spell level left.
You didn't know any spells.
Your spell library contained the following spells:

 Spells                   Type           Power      Damage    Failure   Level
 Ozocubu's Armour         Ice            0%         N/A       86%         3
 Ozocubu's Refrigeration  Ice            0%         4d5       100%        7

Inventory:

Hand Weapons
 a - a +0 hand axe (weapon)
Missiles
 f - 38 stones (quivered)
Armour
 b - a +0 animal skin (worn)
 e - a scarf of resistance (worn)
   (You found it on level 1 of the Dungeon)
Scrolls
 d - a scroll of identify {unknown}
 g - a scroll of fog
 h - a scroll of summoning {unknown}
 j - a scroll of silence {unknown}
 l - a scroll of teleportation {unknown}
Potions
 c - 2 potions of lignification {unknown}
 i - a potion of attraction {unknown}
 k - a potion of curing {unknown}

Dungeon Overview and Level Annotations

Branches:
Dungeon (2/15)

Altars:

.........>........#
..................##
#.####...).........######
..######........##......#
................#######...
................## ..
#.......[..####..# .##
..........## ##.# #....
###.....#.# #@#......
#.......# #g#......
#####.##.#######gg......
........................
##..##..P.P.P.P..P....PP
##.###..P♣♣♣...♣♣♣...♣♣♣
....##...♣ ♣.|.♣ ...♣
....##...♣♣♣...♣♣♣...♣
....###..P............


You could see 3 gnolls.


Message History

There is an escape hatch in the ceiling here.
The goblin hits you with a +0 club.
* * * LOW HITPOINT WARNING * * *
The rat barely misses you. A mysterious force pulls you upwards.
The hatch slams shut behind you. 😨 HP[-2]
You take 2 damage, and now have 9/26 hp.
You barely miss the rat. Your headbutt misses the rat. You hit the goblin.
The goblin hits you with a +0 club.
* * * LOW HITPOINT WARNING * * *
The rat closely misses you. 😨 HP[-1]
You take 1 damage, and now have 8/26 hp.
You hit the rat.
You kill the rat!
Trog accepts your kill.
You hit the goblin. The goblin hits you with a +0 club.
* * * LOW HITPOINT WARNING * * *
😱 HP[-2]
You take 2 damage, and now have 6/26 hp.
You barely miss the goblin. The goblin misses you.
You barely miss the goblin. The goblin hits you with a +0 club.
* * * LOW HITPOINT WARNING * * *
😱 HP[-1]
You take 1 damage, and now have 5/26 hp.
You closely miss the goblin. The goblin barely misses you. 😱 HP[+1]
You miss the goblin. The goblin closely misses you.
You closely miss the goblin. The goblin hits you with a +0 club.
* * * LOW HITPOINT WARNING * * *
😱 HP[-3]
You take 3 damage, and now have 3/26 hp.
You hit the goblin.
You kill the goblin!
Trog accepts your kill.
Things that are here:
a +0 club; a goblin corpse You start resting. 😎 HP[+23]
Your hp is fully restored (26).
Done exploring.
There is an open door here.
There is a staircase leading out of the dungeon here.
There is an open door here.
There is a stone staircase leading down here.
You climb downwards.
There is a stone staircase leading up here.
Found a stone staircase leading up.
A frilled lizard is nearby!
You miss the frilled lizard. The frilled lizard bites you. 😕 HP[-1]
You take 1 damage, and now have 25/26 hp.
You barely miss the frilled lizard. The frilled lizard closely misses you.
You hit the frilled lizard.
You kill the frilled lizard!
Trog accepts your kill.
You see here a frilled lizard corpse.
W - a ring of magical power 😎 HP[+1]
Your hp is fully restored (26).
Drop what? 13/52 slots (_ for help) (? for menu, Esc to quit)
You drop a ring of magical power.
Found a stone staircase leading down.
You now have 90 gold pieces (gained 9).
f - 38 stones (gained 13)
You pick up Ozocubu's Autobiography {forbidden} and begin reading...
You add the spells Ozocubu's Armour and Ozocubu's Refrigeration to your library.
There is a stone staircase leading up here.
The gnoll shouts!
You hear a shout! x2
A gnoll comes into view. It is wielding a +0 club.
You hear a shout!
A bat comes into view.
The bat moves out of view.
There is a stone staircase leading up here.
The gnoll hits the plant with a +0 spear.
The plant begins to die.
A gnoll comes into view. It is wielding a +0 spear.
A nearby plant withers and dies.
The gnoll hits you from afar with a +0 spear. 😕 HP[-2]
You take 2 damage, and now have 24/26 hp.
The gnoll completely misses you.
You hit the gnoll but do no damage. The gnoll closely misses you.
You furiously retaliate!
You headbutt the gnoll. You hit the gnoll. The gnoll barely misses you.
You hit the gnoll. The gnoll hits you but does no damage.
The gnoll barely misses you. 😕 HP[+1]
You hit the gnoll but do no damage. The gnoll barely misses you. x2
You hit the gnoll. The gnoll hits you with a +0 spear!
The gnoll hits you from afar with a +0 spear.
* * * LOW HITPOINT WARNING * * *
😨 HP[-13]
You take 13 damage, and now have 12/26 hp.
MASSIVE DAMAGE!! (PAUSE)
You barely miss the gnoll. You headbutt the gnoll!
The gnoll hits you from afar with a +0 spear!
* * * LOW HITPOINT WARNING * * *
The gnoll hits you from afar with a +0 spear.
You die...

Skill      XL: |  1 |
---------------+----+-----
Axes           | 4 |  4.6
Fighting       | |  3.6
Armour         | |  2.4
Dodging        | |  2.1

Action                   || total
-------------------------++-------
Melee: Hand axe          ||    39
       Headbutt          ||     4
  Use: Scroll            ||     1
Armor: Animal skin       ||     3
Dodge: Dodged            ||    20

Levels and vault maps discovered:
D:1:      minmay_arrival_four_loops, layout_rooms
D:2:      layout_rooms, hellmonk_ecumenical_altar_prayer_group, kennysheep_boxes

Notes
Turn   | Place    | Note
-------+----------+-------------------------------------------
     0 | D:1      | swappor the Minotaur Berserker began the quest for the Orb.
     0 | D:1      | Reached XP level 1. HP: 19/19 MP: 0/0
     0 | D:1      | magus.rc [v1.11.2]
   454 | D:1      | Reached skill level 4 in Axes
   551 | D:1      | Reached XP level 2. HP: 26/26 MP: 1/1
   831 | D:1      | HP: 6/26 [goblin (2)]
   836 | D:1      | HP: 3/26 [goblin (3)]
  1232 | D:2      | You add the spells Ozocubu's Armour and Ozocubu's
                  | Refrigeration to your library.
  1273 | D:2      | HP: 4/26 [gnoll (8)]
  1273 | D:2      | Slain by a gnoll

Vanquished Creatures
  2 ball pythons (D:1)
  An endoplasm (D:1)
  A goblin (D:1)
  2 hobgoblins
  A quokka (D:1)
  3 frilled lizards
  3 kobolds (D:1)
  2 rats (D:1)
15 creatures vanquished.

Vanquished Creatures (others)
  24 plants (D:2)
24 creatures vanquished.

Grand Total: 39 creatures vanquished

Table legend:
 A = Non-vault XP
 B = Vault XP
 C = Vault XP percentage of total XP
 D = Non-vault monster count
 E = Vault monster count
 F = Vault count percentage of total count
                 A         B        C        D         E       F
            +---------+---------+-------+---------+---------+-------
      Total |      21 |       0 |   0.0 |      15 |       0 |   0.0
            +---------+---------+-------+---------+---------+-------
        D:1 |      18 |       0 |   0.0 |      13 |       0 |   0.0
        D:2 |       3 |       0 |   0.0 |       2 |       0 |   0.0
            +---------+---------+-------+---------+---------+-------

Illustrated notes

Table legend:
 A = Kills in this place as a percentage of kills in entire the game.
 B = Kills by you in this place as a percentage of kills by you in the entire game.
 C = Kills by friends in this place as a percentage of kills by friends in the entire game.
 D = Other kills in this place as a percentage of other kills in the entire game.
 E = Experience gained in this place as a percentage of experience gained in the entire game.
 F = Experience gained in this place divided by the number of levels of this place that you have seen.
                   A       B       C       D       E      F
               +-------+-------+-------+-------+-------+----------------------
         Total | 100.0 | 100.0 |   N/A |   N/A | 100.0 |  10.5
       Dungeon | 100.0 | 100.0 |   N/A |   N/A | 100.0 |  10.5
               +-------+-------+-------+-------+-------+----------------------

Table legend: (Time is in decaauts)
 A = Elapsed time spent in this place.
 B = Non-inter-level travel time spent in this place.
 C = Inter-level travel time spent in this place.
 D = Time resting spent in this place.
 E = Time spent auto-exploring this place.
 F = Levels seen in this place.
 G = Mean time per level.
                   A        B        C        D        E       F      G
               +--------+--------+--------+--------+--------+-----+--------+
         Total |   1277 |   1243 |     34 |    282 |    685 |   2 |  638.5 |
       Dungeon |   1277 |   1243 |     34 |    282 |    685 |   2 |  638.5 |
               +--------+--------+--------+--------+--------+-----+--------+

Top non-repeatable levels by time:
     D:1: 1046 daAuts
     D:2: 230 daAuts
